 Dungeon Crawl Stone Soup version 0.30.1-1-g62c8e00024 (webtiles) character file.

Game seed: 3282542293582801086

676 monsoonserge the Magician (level 7, -1/46 HPs)
             Began as a Djinni Venom Mage on July 17, 2023.
             Was a Follower of Elyvilon.
             Slain by a wight
             ... wielding a +4 dire flail
              (10 damage)
             ... on level 6 of the Dungeon.
             The game lasted 00:17:34 (5388 turns).

monsoonserge the Magician (Djinni Venom Mage)       Turns: 5388, Time: 00:17:35

Health: -1/46      AC:  5    Str:  7    XL:     7   Next: 91%
Gold:   369        EV: 11    Int: 19    God:    Elyvilon [*.....] SH:  0 Dex: 13

rFire   + + .        q - +1 war axe (freeze)
rCold   x . .        (no shield)
rNeg    . . .        b - +0 leather armour
rPois   ∞            B - +0 helmet
rElec   .            v - +0 cloak
rCorr   .            (no gloves)
SInv    .            (boots unavailable)
Will    .....        (no amulet)
Stlth   ++           (no ring)
HPRegen 0.27/turn    (no ring)
MPRegen 0.00/turn

%: infuse magic (-2 HP)
@: flying
A: sickness immunity, fire resistance 2, cold vulnerability 1, float, innate
caster, HP casting, extra vitality 1
a: Renounce Religion, Purification


You were on level 6 of the Dungeon.
You worshipped Elyvilon.
Elyvilon was aware of your devotion.
You visited 2 branches of the dungeon, and saw 7 of its levels.

You collected 369 gold pieces.

Inventory:

Hand Weapons
 p - a +1 halberd of freezing
 q - a +1 war axe of freezing (weapon)
 z - a +0 whip of flaming
Missiles
 d - 6 javelins
 g - 14 poisoned darts
 i - 3 boomerangs (quivered)
Armour
 a - a +0 robe
 b - a +0 leather armour (worn)
 f - an orb of guile
 m - a +0 ring mail
 v - a +0 cloak (worn)
 B - a +0 helmet (worn)
Wands
 l - a wand of roots (7)
 o - a wand of flame (18)
 G - a wand of polymorph (7)
Scrolls
 e - 2 scrolls of identify {unknown}
 h - a scroll of immolation {unknown}
 j - 2 scrolls of noise {unknown}
 k - 5 scrolls of teleportation {unknown}
 r - 2 scrolls of silence {unknown}
 s - 2 scrolls of amnesia {unknown}
 t - 4 scrolls of enchant armour {unknown}
 u - a scroll of poison {unknown}
 x - a scroll of vulnerability {unknown}
 y - a scroll of fear {unknown}
 I - a scroll of fog {unknown}
Potions
 c - 3 potions of lignification {unknown}
 n - 4 potions of curing
 w - 2 potions of brilliance {unknown}
 A - 2 potions of magic {unknown}
 C - a potion of heal wounds {unknown}
 D - a potion of degeneration {unknown}
 E - a potion of might {unknown}
 F - 2 potions of berserk rage {unknown}
 H - a potion of cancellation {unknown}


   Skills:
 + Level 0.6 Fighting
 - Level 1.0 Axes
 * Level 3.0 Armour
 + Level 2.4 Dodging
 - Level 2.0 Stealth
 + Level 0.3 Unarmed Combat
 * Level 5.7 Spellcasting
 * Level 0.4 Evocations


You knew the following spells:

 Your Spells              Type           Power      Damage    Failure   Level
a - Sting                 Tmut/Pois      100%       1d8       1%          1
b - Poisonous Vapours     Pois/Air       54%        N/A       2%          2
c - Mephitic Cloud        Conj/Pois/Air  27%        N/A       4%          3
d - Olgreb's Toxic Radia  Pois           27%        N/A       16%         4
e - Shock                 Conj/Air       100%       1d9       1%          1
f - Wereblood             Tmut           27%        N/A       2%          2
g - Frozen Ramparts       Ice            54%        1d9       4%          3
Your spell library was empty.

Dungeon Overview and Level Annotations

Branches:
Dungeon (6/15)             Temple (1/1) D:4

Altars:
Ashenzari
Cheibriados
Dithmenos
Elyvilon
Fedhas
Gozag
Hepliaklqana
Makhleb
Nemelex Xobeh
Okawaru
Ru
Trog
Uskayaw
Wu Jian
Xom
Yredelemnul
Zin
The Shining One

Annotations:
D:1 dig


Innate Abilities, Weirdness & Mutations

You are immune to sickness and miasma.
You are immune to poison.
Your flesh is very heat resistant. (rF++)
You are vulnerable to cold. (rC-)
You float through the air rather than walking.
You learn spells naturally, not from books.
Your magical power is your life essence.
You have superior vitality. (+4 MHP)


Message History

The zap hits the wight!
The wight is almost destroyed.
The zap hits the wight.
The wight is moderately damaged.
The zap hits the wight.
The wight is heavily damaged.
The zap misses the wight.
The wight hits you with a +4 dire flail!
Unknown command.
Casting: Shock (safe; 1% risk of failure)
Confirm with . or Enter, or press ? or * to list all spells.
Aiming: Shock (safe; 1% risk of failure)
Press: ? - help, Shift-Dir - straight line, f - wight
Aim: a wight, wielding a +0 hand axe and wearing a +0 robe (heavily damaged, 74% to hit)
The zap hits the wight but does no damage.
The wight is almost destroyed.
The zap hits the wight.
The wight is heavily damaged.
The zap hits the wight.
The wight is almost destroyed.
The wight hits you with a +4 dire flail!
* * * LOW HITPOINT WARNING * * *
Unknown command.
Casting: Shock (safe; 1% risk of failure)
Confirm with . or Enter, or press ? or * to list all spells.
Aiming: Shock (safe; 1% risk of failure)
Press: ? - help, Shift-Dir - straight line, f/p - wight
Aim: a wight, wielding a +0 hand axe and wearing a +0 robe (almost destroyed, 74% to hit)
The zap misses the wight.
The zap hits the wight.
The wight is almost destroyed.
The zap hits the wight.
The wight is almost destroyed.
* * * LOW HITPOINT WARNING * * *
The wight hits you with a +4 dire flail.
* * * LOW HITPOINT WARNING * * *
Unknown command.
Okay, then.
It was a potion of curing.
You feel better.
The wight hits you with a +4 dire flail!
You die...

#.
#.########
#........#
#........
#......
+...'z# #z#
#z#
####@######
#.........#
#.).......#
#.........#
#.........#
#.........#
#.........#
##........#
#........#


You could see 3 wights.

Vanquished Creatures
  A water moccasin (D:5)
  2 scorpions (D:5)
  A wight (D:6)
  2 hounds
  A jelly (D:6)
  A sleepcap (D:5)
  An iguana (D:5)
  2 orc wizards (D:4)
  Robin (D:4)
  9 adders
  3 worms
  5 dart slugs
  15 orcs
  7 endoplasms
  5 giant cockroaches
  12 goblins
  7 hobgoblins
  5 kobolds
  A quokka (D:4)
  5 ball pythons
  5 bats
  2 frilled lizards (D:1)
  9 rats
102 creatures vanquished.

Notes
Turn   | Place    | Note
-------+----------+-------------------------------------------
     0 | D:1      | monsoonserge the Djinni Venom Mage began the quest for the
                  | Orb.
     0 | D:1      | monsoonserge set off with the following spells memorised:
                  | Sting, Poisonous Vapours, Mephitic Cloud, Olgreb's Toxic
                  | Radiance.
     0 | D:1      | Reached XP level 1. HP: 15/15 MP: 0/0
   236 | D:1      | Reached XP level 2. HP: 2/21 MP: 0/0
   968 | D:2      | Reached skill level 3 in Spellcasting
   968 | D:2      | Reached XP level 3. HP: 23/25 MP: 0/0
   968 | D:2      | Learned a level 1 spell: Shock
  1078 | D:2      | You are sucked into a shaft and drop 1 floor!
  1252 | D:2      | Reached skill level 1 in Armour
  1252 | D:2      | Reached XP level 4. HP: 28/31 MP: 0/0
  2091 | D:3      | Reached XP level 5. HP: 24/35 MP: 0/0
  2091 | D:3      | Learned a level 2 spell: Wereblood
  2379 | D:3      | Reached skill level 4 in Spellcasting
  2853 | D:4      | Reached XP level 6. HP: 26/40 MP: 0/0
  3340 | D:4      | Found a staircase to the Ecumenical Temple.
  3347 | Temple   | Entered the Ecumenical Temple
  3713 | Temple   | Became a worshipper of Elyvilon the Healer
  3739 | D:4      | Noticed Robin
  3748 | D:4      | Killed Robin
  4288 | D:5      | Entered Level 5 of the Dungeon
  4417 | D:5      | Reached * piety under Elyvilon
  4559 | D:5      | Noticed a water moccasin
  4563 | D:5      | Killed a water moccasin
  4564 | D:5      | Reached skill level 1 in Axes
  4564 | D:5      | Reached skill level 5 in Spellcasting
  4564 | D:5      | Reached XP level 7. HP: 29/46 MP: 0/0
  4564 | D:5      | Learned a level 3 spell: Frozen Ramparts
  5388 | D:6      | Slain by a wight

Illustrated notes

Levels and vault maps discovered:
D:1:      dpeg_chamrin_arrival_tetris, layout_basic, serial_glass,
          glass_columns_a, glass_columns_c, minmay_strange_pillars,
          feat_on_display, due_unseen_surprise
D:2:      layout_loops_cross
D:3:      layout_basic, kennysheep_generic_room_9
D:4:      layout_loops_corners, temple_green, uniq_robin
D:5:      layout_basic, roderic_roman_lattice
D:6:      layout_basic, gammafunk_ghost_grave, kennysheep_generic_room_12,
          uniq_edmund
Temple:   roderic_octagonal_lattice_temple

Skill      XL: |  1  2  3  4  5  6  7 |
---------------+----------------------+-----
Spellcasting   | 3 4 5 |  5.7
Armour         | 1 2 3 |  3.0
Stealth        | 2 |  2.0
Axes           | 1 |  1.0
Fighting       | |  0.6
Dodging        | |  2.4
Unarmed Combat | |  0.3
Evocations     | |  0.4

Action                     |  1- 3 |  4- 6 |  7- 9 || total
---------------------------+-------+-------+-------++-------
  Melee: Unarmed           |    10 |       |       ||    10
         Dagger            |     4 |       |       ||     4
         War axe           |       |    35 |     4 ||    39
   Cast: Sting             |    49 |    67 |    10 ||   126
         Shock             |     5 |    43 |    10 ||    58
         Poisonous Vapours |     3 |    16 |       ||    19
         Wereblood         |       |     2 |       ||     2
         Mephitic Cloud    |       |     4 |       ||     4
         Frozen Ramparts   |       |       |     1 ||     1
    Use: Potion            |       |       |     1 ||     1
   Stab: Sleeping          |       |       |     1 ||     1
 Armour: Leather armour    |     8 |    23 |     4 ||    35
  Dodge: Dodged            |    12 |    44 |     6 ||    62
